AoeStats
← Humping Moose

Black Forest

503975742Analyzed
4v4 RM · 29d ago on Sep 3, 2026· 97m 10s· 8 players
Game mode
Random Map
Map size
Large (8 player)
Population
200
Speed
Normal
Resources
Standard
Victory
Conquest
Starting age
Dark Age
Ending age
Imperial Age
RankedLock teamsTeams togetherTeam positionsShared explorationLock speedFull tech treeHidden civsTurbo modeCheats
Victory
Defeat
🇨🇱 Hindustanis · Chile
876
+14
🇹🇼 Khmer · Taiwan
857
+15
🇨🇳 Mongols · China
854
+15
🇮🇳 Portuguese · India
820
+17
874
-17
🇦🇹 Teutons · Austria
849
-16
🇮🇹 Franks · Italy
840
-15
🇳🇱 Italians · Netherlands
787
-13
Evy
1:06 Loom
12:13 Feudal Age
12:44 Double-Bit Axe
14:05 Town Watch
15:56 Wheelbarrow
24:24 Castle Age
22:22 Gold Mining
22:26 Stone Mining
29:35 Bow Saw
30:22 Pikeman
31:03 Squires
30:27 Elite Skirmisher
32:23 Hand Cart
33:53 Town Patrol
34:25 Caravan
34:55 Coinage
40:19 Imperial Age
38:14 Ballistics
38:08 Masonry
38:07 Scale Mail Armor
38:17 Crossbowman
39:11 Fletching
39:32 Padded Archer Armor
39:58 Forging
40:04 Scale Barding Armor
40:54 #83
42:30 Hoardings
41:18 Halberdier
45:26 Chain Mail Armor
45:46 Iron Casting
45:08 Bodkin Arrow
45:29 Leather Archer Armor
45:01 Arrowslits
45:49 Architecture
47:40 Chemistry
48:53 Conscription
48:34 Chivalry
50:51 Elite Throwing Axeman
52:37 Plate Mail Armor
62:17 Heavy Scorpion
64:25 Blast Furnace
Humping Moose
12:14 Feudal Age
13:07 Double-Bit Axe
21:36 Castle Age
20:21 Gold Mining
20:26 Stone Mining
20:22 Horse Collar
22:53 Bow Saw
23:54 Stone Shaft Mining
24:14 Wheelbarrow
24:01 Caravan
28:12 Hand Cart
31:29 Fletching
31:40 Padded Archer Armor
31:31 Loom
34:12 Silk Road
35:22 Thumb Ring
36:01 Bloodlines
36:15 Ballistics
36:07 Masonry
36:09 Fortified Wall
37:24 Bodkin Arrow
37:45 Leather Archer Armor
41:56 Imperial Age
38:55 Elite Skirmisher
42:41 Bracer
43:13 Ring Archer Armor
42:07 Elite Genoese Crossbowman
44:31 Pirotechnia
45:54 Chemistry
45:26 Architecture
44:52 Murder Holes
44:43 Arrowslits
51:42 Scale Mail Armor
78:08 Hoardings
Thats How We do action in Uganda
2:47 Loom
14:32 Feudal Age
14:53 Horse Collar
19:29 Castle Age
18:11 Double-Bit Axe
18:19 Gold Mining
18:21 Stone Mining
21:25 Heavy Plow
21:57 Bow Saw
24:29 Gold Shaft Mining
25:38 Wheelbarrow
25:58 Ballistics
28:08 Stone Shaft Mining
28:58 Hand Cart
34:28 Imperial Age
34:17 Murder Holes
34:02 Treadmill Crane
34:30 Scale Barding Armor
34:35 Forging
34:54 Caravan
36:04 Crop Rotation
36:39 Two-Man Saw
36:01 Husbandry
36:29 Chain Barding Armor
36:45 Iron Casting
37:13 Chemistry
36:22 Elite Cataphract
38:55 Logistica
39:08 Conscription
39:49 Heavy Camel Rider
42:39 Plate Barding Armor
41:55 Fletching
42:06 Padded Archer Armor
41:50 Elite Skirmisher
42:36 Thumb Ring
42:38 Greek Fire
43:36 Hoardings
43:43 Fortified Wall
44:25 Bodkin Arrow
44:45 Leather Archer Armor
46:25 Bracer
46:55 Ring Archer Armor
46:29 Scale Mail Armor
47:08 Fervor
47:19 Sanctity
47:15 Block Printing
46:24 Onager
56:45 Chain Mail Armor
R1se_Ag4inst
1:07 Loom
14:51 Feudal Age
21:35 Castle Age
19:48 Horse Collar
20:19 Double-Bit Axe
20:32 Gold Mining
23:13 Bow Saw
24:14 Scale Mail Armor
24:24 Forging
26:17 Squires
26:03 Arson
25:40 Pikeman
26:40 Heavy Plow
26:36 Stone Mining
28:52 Iron Casting
28:35 Chain Mail Armor
29:44 Ironclad
30:30 Wheelbarrow
29:41 Town Watch
30:27 Fortified Wall
35:44 Imperial Age
35:48 Halberdier
37:02 Plate Mail Armor
37:32 Blast Furnace
37:00 Conscription
37:03 Crenellations
37:20 Hoardings
37:21 Hand Cart
37:07 Town Patrol
37:57 Crop Rotation
38:31 Two-Man Saw
42:16 Fervor
44:51 Masonry
44:46 Siege Engineers
45:03 Ballistics
44:29 Arrowslits
54:18 Onager
56:04 Siege Onager
71:44 Padded Archer Armor
71:50 Scale Barding Armor
71:28 Cavalier
72:23 Bloodlines
72:59 Paladin
74:20 Chain Barding Armor
77:21 Plate Barding Armor
Mapuche Mayer
把人生埋在四季
11:25 Feudal Age
14:05 Double-Bit Axe
15:19 Loom
17:59 Castle Age
17:13 Horse Collar
22:26 Bow Saw
23:16 Heavy Plow
24:42 Wheelbarrow
26:47 Hand Cart
28:06 Gold Mining
28:07 Stone Mining
30:55 Imperial Age
30:00 Fletching
30:10 Padded Archer Armor
30:18 Scale Barding Armor
32:17 Bodkin Arrow
32:38 Leather Archer Armor
32:43 Chain Barding Armor
33:49 Bloodlines
34:05 Parthian Tactics
33:46 Thumb Ring
34:15 Conscription
33:40 Capped Ram
34:42 Elite Mangudai
35:28 Siege Ram
37:33 Stone Shaft Mining
37:33 Gold Shaft Mining
37:58 Bracer
38:09 Forging
37:23 Light Cavalry
38:28 Ballistics
39:09 Chemistry
39:52 Hussar
40:37 Husbandry
43:39 Caravan
44:52 Drill
44:34 Nomads
48:50 Hoardings
51:26 Onager
92:23 Siege Onager
李諭
11:22 Feudal Age
18:47 Castle Age
16:52 Horse Collar
17:12 Double-Bit Axe
19:29 Heavy Plow
19:41 Bow Saw
20:31 Stone Mining
26:30 Gold Mining
30:25 Imperial Age
28:34 Wheelbarrow
29:11 Gold Shaft Mining
29:19 Stone Shaft Mining
30:56 Hand Cart
32:21 Crop Rotation
32:49 Husbandry
33:00 Bloodlines
33:52 Caravan
35:59 Forging
36:48 Double Crossbow
36:53 Elite Ballista Elephant
37:58 Scale Barding Armor
38:30 Iron Casting
40:50 Chain Barding Armor
41:31 Blast Furnace
43:55 Plate Barding Armor
44:57 Ballistics
44:43 Siege Engineers
57:07 Cavalier
85:11 Scale Mail Armor
LewisHamil10
15:01 Feudal Age
19:23 Forging
19:13 Scale Mail Armor
19:18 Scale Barding Armor
19:04 Fletching
19:14 Padded Archer Armor
20:51 Padded Archer Armor
20:52 Scale Mail Armor
20:57 Scale Barding Armor
20:43 Fletching
25:28 Castle Age
25:27 Double-Bit Axe
25:36 Gold Mining
25:36 Stone Mining
27:29 Leather Archer Armor
27:10 Bodkin Arrow
27:50 Iron Casting
28:47 Chain Mail Armor
29:17 Arson
28:53 Pikeman
32:43 Heated Shot
32:34 Treadmill Crane
34:41 Husbandry
34:51 Bloodlines
34:02 Light Cavalry
34:51 Stone Mining
35:14 Bow Saw
35:38 Caravan
36:08 Coinage
36:05 Circumnavigation
38:35 Chain Barding Armor
41:47 Stone Shaft Mining
44:24 Imperial Age
41:43 Elite Skirmisher
43:25 Ballistics
44:42 Sappers
45:32 Conscription
44:56 Elite Organ Gun
46:22 Banking
47:15 Chemistry
46:43 Cavalier
48:32 Blast Furnace
48:02 Plate Mail Armor
48:07 Plate Barding Armor
47:32 Bracer
48:02 Ring Archer Armor
48:18 Ring Archer Armor
48:23 Arquebus
48:18 Horse Collar
49:25 Guilds
71:22 Crossbowman
74:00 Thumb Ring
74:11 Arbalester
Connection lost

Rejoining the realm…

Still unreachable

The connection could not be restored.

Session expired

The server has moved on; the page needs a fresh start.